Unix NetHack Version 5.0.0-0 post-release - last build Jul 19 2026 19:10:59 (3aa4ab31751d3886436d94b585a96704892fd477,branch:main).

Game began 2026-07-27 22:11:29, ended 2026-07-28 00:26:39.

IanCurtis, chaotic male elven Wizard

                      #--------                       -----------
                      #|......|                       |.........|
                      #|......|#    ---------         |......<..|
   -------------      #|...[...#    |.......|         |.........-#
   |............#######|......|#####|.......|         |.........|#
   |....{......|       -----)--##  #|.......|         ------|----#
   |...........|            #   #  #.........#              #    #
   -+---.-------          ###   #   -------.-##          ####   ##
      #####               #     #             ##         #      #
       # ###########     ##     #              ##        #      #
       #           ###   ##     #               #        #    ###
      -.---       --.-----|--   ##              #       ##    #
      |...-#######..........|    # ----+-       #      ##     #------------
      |...|       |.........|    # |....|       ##  ---|--    #-.!!!!!!!!!|
      |...|       |..`......|    ##......######  ###...f.|     |.!!!!!!!!!|
      |...|       ---|-------      |....|     ######|.@u(|      .!!!!!!!!!|
      -----          ^             ------          #-..[*|      -----------
                                                    ------

IanCurtis the Conjurer    St:10 Dx:17 Co:10 In:20 Wi:11 Ch:9  Chaotic
Dlvl:4  $:207 HP:0(40) Pw:61(64) AC:7  Xp:5 T:2343  Burdened

Latest messages:
 Done.
 You have trouble lifting an empty broken large box.  Continue? [ynq] (q) y
 You have trouble lifting I - an empty broken large box.
 You rebalance your load.  Movement is difficult.
 What do you want to drop? [$a-mo-tv-zA-EG-I or ?*] I
 You drop an empty broken large box.
 Your movements are only slowed slightly by your load.
 The kitten misses the saddled pony.
 The saddled pony kicks!
 The saddled pony bites!
 The saddled pony kicks!
 The saddled pony bites!
 The kitten bites the saddled pony.
 The saddled pony misses the kitten.
 The saddled pony misses the kitten.
 The saddled pony kicks!
 The saddled pony bites!
 What do you want to drink? [fgp or ?*] ?
 Never mind.
 You see here a chain mail.
 The kitten bites the saddled pony.
 The saddled pony hits the kitten.
 The saddled pony misses the kitten.
 You miss the saddled pony.
 The saddled pony kicks!
 The saddled pony bites!
 What do you want to drink? [fgp or ?*] g
 You feel much better.
 The saddled pony kicks!
 The saddled pony bites!
 The saddled pony kicks!
 The saddled pony bites!
 The saddled pony kicks!
 The saddled pony bites!
 You miss the saddled pony.
 The saddled pony kicks!
 The saddled pony bites!
 You miss the saddled pony.
 The saddled pony kicks!
 The saddled pony bites!
 The saddled pony kicks!
 The saddled pony bites!
 The saddled pony kicks!
 The saddled pony bites!
 The saddled pony kicks!
 The saddled pony bites!
 The saddled pony just misses!
 The saddled pony bites!
 You die...
 Do you want your possessions identified? [ynq] (y) q

Inventory:
 Coins    ('$')
  $ - 207 gold pieces
 Weapons  (')')
  a - a blessed +1 quarterstaff (weapon in hands)
 Armor    ('[')
  C - an uncursed +0 helm of brilliance (being worn)
  z - an uncursed +0 pair of jumping boots named jumping (being worn)
  D - an uncursed +0 pair of water walking boots
  b - an uncursed +0 cloak of magic resistance (being worn)
 Comestibles  ('%')
  r - 2 uncursed food rations
 Scrolls  ('?')
  i - an uncursed scroll of blank paper
  o - 2 uncursed scrolls of create monster
  q - a blessed scroll of enchant armor
  w - an uncursed scroll of enchant armor
  y - an uncursed scroll of enchant weapon
  B - a blessed scroll of fire
  s - a blessed scroll of identify
  h - 3 uncursed scrolls of identify
  x - an uncursed scroll of magic mapping
 Spellbooks  ('+')
  k - an uncursed spellbook of chain lightning
  A - an uncursed spellbook of detect monsters
  j - a blessed spellbook of force bolt
 Potions  ('!')
  p - an uncursed potion of healing
  f - 2 uncursed potions of water
 Rings    ('=')
  H - an uncursed ring of fire resistance
  G - an uncursed ring of free action
  t - a cursed -1 ring of gain strength named cursed
  v - an uncursed +1 ring of increase accuracy
  e - an uncursed ring of invisibility
 Wands    ('/')
  c - a wand of probing (0:8)
 Tools    ('(')
  m - an uncursed bugle
  l - a magic marker (0:20)
  d - a +0 pick-axe
  E - an uncursed towel

IanCurtis the Wizard's attributes:

Background:
 You were a Conjurer, a level 5 male elven Wizard.
 You were chaotic, nominally on a mission for Anhur
 who was opposed by Ptah (lawful) and Thoth (neutral).
 You were right-handed.
 You were in the Dungeons of Doom, on level 4.
 You entered the dungeon 2343 turns ago.
 It was the midnight hour.
 You had 241 experience points, 79 more were needed to attain level 6.

Basics:
 You had 0 out of 40 hit points.
 You had 61 out of 64 energy points (spell power).
 Your armor class was 7.
 Your wallet contained 207 zorkmids.
 Autopickup was off.

Final Characteristics:
 Your strength was 10 (limit:18).
 Your dexterity was 17 (limit:18).
 Your constitution was 10 (limit:16).
 Your intelligence was 20 (limit:20).
 Your wisdom was 11 (limit:20).
 Your charisma was 9 (limit:18).

Final Status:
 You weren't hungry.
 You were burdened; movement was slightly slowed.
 You were wielding a quarterstaff.
 You had basic skill with quarterstaff.

Final Attributes:
 You were piously aligned.
 You were magic-protected.
 You were fire resistant.
 You were sleep resistant.
 You had infravision.
 You could jump.
 You were warded.
 You are dead.

Miscellaneous:
 You didn't encounter any bones levels.
 Total elapsed playing time was 26 minutes and 57 seconds.

Major events:
 Turn
    1: IanCurtis the chaotic male elven Wizard entered the dungeon
  575: entered the Gnomish Mines
  578: attained the rank of Conjurer (level 3)
 2343: killed by a pony

Spells:
 Name                 Level Category     Fail Retention
 force bolt             1   attack         0%   81%-90%
 chain lightning        2   attack         0%   81%-90%
 detect monsters        1   divination     0%  76%-100%

Skills:
 Fighting Skills
   bare handed combat [Unskilled]
   riding             [Unskilled]
 Weapon Skills
   dagger             [Unskilled]
   knife              [Unskilled]
   axe                [Unskilled]
   short sword        [Unskilled]
   club               [Unskilled]
   mace               [Unskilled]
   quarterstaff       [Basic]
   polearms           [Unskilled]
   spear              [Unskilled]
   trident            [Unskilled]
   sling              [Unskilled]
   dart               [Unskilled]
   shuriken           [Unskilled]
 Spellcasting Skills
   attack spells      [Basic]
   healing spells     [Unskilled]
   divination spells  [Unskilled]
   enchantment spells [Basic]
   clerical spells    [Unskilled]
   escape spells      [Unskilled]
   matter spells      [Unskilled]

Voluntary challenges:
 Character rerolling was not enabled.
 You were an atheist.
 You never genocided any monsters.
 You never polymorphed an object.
 You never changed form.
 You used no wishes.
Achievements:
 You entered a shop.
 You entered the Gnomish Mines.
 You attained the rank of Conjurer.

 The Dungeons of Doom: levels 1 to 4
    Level 1:
    Level 2:
       A general store, a fountain.
       Stairs down to The Gnomish Mines.
    Level 3:
       An armor shop, a fountain.
    Level 4: "vault" <- You were here.
       A potion shop, a fountain.
       Final resting place for
          you, killed by a pony.
 The Gnomish Mines:
    Level 3:


Vanquished creatures:
  a leprechaun
  a straw golem
  3 floating eyes
  a kitten
  a dwarf
  a kobold leader
  a giant bat
  a wererat
  2 iguanas
  4 coyotes
  a hobbit
  8 manes
  a hobgoblin
  a cave spider
  a red mold
  6 gnomes
  a garter snake
  a gnome zombie
  2 geckos
  4 jackals
  a kobold
  4 goblins
  3 grid bugs
  a bat
  4 lichens
  2 newts
57 creatures vanquished.

No species were genocided or became extinct.

Game over:
                       ----------
                      /          \
                     /    REST    \
                    /      IN      \
                   /     PEACE      \
                  /                  \
                  |    IanCurtis     |
                  |      207 Au      |
                  | killed by a pony |
                  |                  |
                  |                  |
                  |                  |
                  |       2026       |
                 *|     *  *  *      | *
        _________)/\\_//(\/(/\)/\//\/|_)_______

Goodbye IanCurtis the Wizard...

You died in The Dungeons of Doom on dungeon level 4 with 1301 points,
and 207 pieces of gold, after 2343 moves.
You were level 5 with a maximum of 40 hit points when you died.

